 Dungeon Crawl Stone Soup version 0.26-a0-808-g930a2b7adc (webtiles) character file.

Game seed: 12102853578815063413

3189 Notrik the Fighter (level 10, -8/85 HPs)
             Began as a Formicid Fighter on Nov 12, 2020.
             Was a Priest of Okawaru.
             Mangled by an orc warrior
             ... wielding a +0 trident
              (17 damage)
             ... on level 7 of the Dungeon.
             The game lasted 00:10:42 (6300 turns).

Notrik the Fighter (Formicid Fighter)               Turns: 6300, Time: 00:10:43

Health: -8/85      AC: 13    Str: 24    XL:     10   Next: 16%
Magic:  0/10       EV: 12    Int:  8    God:    Okawaru [***...]
Gold:   109        SH: 13    Dex: 10    Spells: 9/9 levels left

rFire    . . .     SeeInvis +   a - +0 war axe
rCold    . . .     Faith    .   c - +0 kite shield
rNeg     . . .     Spirit   +   b - +0 scale mail
rPois    .         Reflect  .   (helmet unavailable)
rElec    .         Harm     .   h - scarf {+Inv}
rCorr    +         Rampage  .   o - +1 pair of gloves {archery}
MR       +....                  p - +0 pair of boots
Stlth    +.........             m - amulet of guardian spirit
HPRegen  0.24/turn              g - ring of resist corrosion
MPRegen  0.12/turn              (no ring)

@: heroism
A: permanent stasis, dig shafts and tunnels, four strong arms, antennae 3
a: Dig, Shaft Self, Heroism, Renounce Religion, Evoke Invisibility


You were on level 7 of the Dungeon.
You worshipped Okawaru.
Okawaru was most pleased with you.
You visited 2 branches of the dungeon, and saw 10 of its levels.

You collected 334 gold pieces.
You spent 225 gold pieces at shops.

Inventory:

Hand Weapons
 a - a +0 war axe (weapon)
Armour
 b - a +0 scale mail (worn)
 c - a +0 kite shield (worn)
 h - a scarf of invisibility (worn)
   (You found it on level 1 of the Dungeon)
 o - a +1 pair of gloves of archery (worn)
   (You bought it in a shop on level 4 of the Dungeon)
 p - a +0 pair of boots (worn)
   (You found it on level 3 of the Dungeon)
Jewellery
 g - a ring of resist corrosion (left hand)
   (You found it on level 1 of the Dungeon)
 m - an amulet of guardian spirit (around neck)
   (You found it on level 2 of the Dungeon)
 w - an uncursed ring of protection from fire {unknown}
   (You found it on level 6 of the Dungeon)
Wands
 u - a wand of paralysis (6)
   (You found it on level 5 of the Dungeon)
Scrolls
 j - 3 scrolls of remove curse {@r2}
 l - 2 scrolls of identify {@r1}
 q - a scroll of fog
 s - 2 scrolls of magic mapping
Potions
 d - 2 potions of might
 e - 3 potions of invisibility {unknown}
 f - 2 potions of attraction {!q}
 i - 4 potions of heal wounds {unknown}
 k - a potion of haste {unknown}
 n - 2 potions of brilliance {unknown}
 r - a potion of curing {unknown}
 t - a potion of flight {unknown}
 v - a potion of resistance {unknown}


   Skills:
 * Level 10.0(15.0) Fighting
 + Level 6.4(11.4) Axes
 + Level 7.5(12.5) Armour
 + Level 8.1(13.1) Shields


You had 9 spell levels left.
You didn't know any spells.
Your spell library was empty.

Dungeon Overview and Level Annotations

Branches:
Dungeon (9/15)             Temple (1/1) D:4
   Lair: D:8-11         Orc: D:9-12

Altars:
Ashenzari
Cheibriados
Dithmenos
Elyvilon
Fedhas
Gozag
Hepliaklqana
Kikubaaqudgha
Makhleb
Nemelex Xobeh
Okawaru
Qazlal
Ru
Sif Muna
Trog
Uskayaw
Vehumet
Wu Jian
Xom
Yredelemnul
Zin
The Shining One

Shops:
D:4 :}[


Innate Abilities, Weirdness & Mutations

You cannot be hasted, slowed, berserked, paralysed or teleported.
You can dig through walls and to a lower floor.
Your four strong arms can wield two-handed weapons with a shield.
You have a pair of large antennae on your head. (SInv)


Message History

An orc priest comes into view.
The orc wizard gestures at you while chanting.
The magic dart hits you but does no damage.
You completely miss the orc wizard.
The orc priest shouts!
The orc wizard mumbles some strange words.
The orc wizard blinks!
You block the orc warrior's attack.
The orc warrior hits you from afar with a +0 trident!
An orc comes into view. It is wielding a +0 club.
You slash the orc!
You kill the orc!
Okawaru accepts your kill.
The orc priest begins to cast a cantrip, but forgets the words!
The orc warrior barely misses you.
An orc comes into view. It is wielding a +0 whip.
You closely miss the orc.
The orc warrior hits you from afar with a +0 trident!
* * * LOW HITPOINT WARNING * * *
The orc priest mumbles some strange prayers to Beogh against you.
Beogh smites you!
* * * LOW HITPOINT WARNING * * *
You gain the combat prowess of a mighty hero.
You block the orc wizard's attack. The orc warrior completely misses you.
You hit the orc wizard. You block the orc wizard's attack.
The orc warrior hits you from afar with a +0 trident.
* * * LOW HITPOINT WARNING * * *
You hit the orc wizard. You block the orc wizard's attack.
The orc wizard barely misses you.
You miss the orc wizard.
The orc priest casts a cantrip, but nothing happens.
The orc warrior hits you from afar with a +0 trident!
* * * LOW HITPOINT WARNING * * *
You block the orc wizard's attack.
You barely miss the orc wizard. The orc wizard closely misses you.
The orc warrior hits you from afar with a +0 trident.
* * * LOW HITPOINT WARNING * * *
You slice the orc wizard!!
You kill the orc wizard!
Okawaru accepts your kill.
Your base Fighting skill increases to level 10!
You block the orc warrior's attack.
You hit the orc but do no damage.
The orc warrior hits you from afar with a +0 trident.
* * * LOW HITPOINT WARNING * * *
You block the orc's attack.
You slice the orc!!
You kill the orc!
Okawaru accepts your kill.
The orc warrior hits you from afar with a +0 trident!!
You die...

...### .. ........ ...
## ##... ... ... .#..
#..# #.. ... ....o ##.#
#.# #.# ....oo###..# #.#
###.#
....oo)@...#####.###....
...#####..?..##.........
#..#......####...
#.........## ##..
#.........# ##..#
#...........###...#
......###...........
......## ##...[..#...
.....## #.....###..


You could see an orc warrior, an orc priest and 3 orcs.

Vanquished Creatures
  The ghost of Majang the Ruffian, an amateur TrHu (D:4)
  Grinder (D:4)
  4 yaks (D:6)
  An orc warrior (D:7)
  3 sky beasts
  5 ogres
  A centaur (D:5)
  2 bullfrogs (D:6)
  A water moccasin zombie (D:5)
  2 scorpions (D:5)
  2 howler monkeys
  3 wights (D:6)
  A bullfrog zombie (D:5)
  2 hounds (D:4)
  A bullfrog skeleton (D:4)
  5 orc priests
  2 iguanas (D:5)
  5 orc wizards
  2 worker ants
  2 hound zombies
  9 gnolls
  9 adders
  A white imp (D:5)
  2 ufetubi (D:4)
  2 oozes (D:1)
  An adder skeleton (D:5)
  3 dart slugs
  3 leopard geckos
  40 orcs
  9 bats
  7 giant cockroaches
  7 goblins
  7 hobgoblins
  7 jackals
  5 kobolds
  4 quokkas
  5 ball pythons
  5 frilled lizards
  A giant cockroach zombie (D:6)
  A quokka skeleton (D:5)
  9 rats
183 creatures vanquished.

Vanquished Creatures (others)
  A bat (D:2)
1 creature vanquished.

Grand Total: 184 creatures vanquished

Notes
Turn   | Place    | Note
-------+----------+-------------------------------------------
     0 | D:1      | Notrik the Formicid Fighter began the quest for the Orb.
     0 | D:1      | Reached XP level 1. HP: 18/18 MP: 1/1
   155 | D:1      | Reached XP level 2. HP: 24/24 MP: 2/2
   356 | D:1      | Reached XP level 3. HP: 30/30 MP: 3/3
   523 | D:1      | You fall into a shaft and drop 1 floor!
   661 | D:1      | Reached skill level 4 in Fighting
   820 | D:2      | Reached XP level 4. HP: 31/37 MP: 4/4
   831 | D:2      | Reached XP level 5. HP: 24/43 MP: 5/5
  1413 | D:2      | Found a stormy altar of Qazlal.
  1650 | D:3      | Reached skill level 5 in Fighting
  1650 | D:3      | Reached XP level 6. HP: 51/51 MP: 6/6
  2159 | D:4      | Noticed an ogre
  2165 | D:4      | Noticed an ogre
  2169 | D:4      | Killed an ogre
  2169 | D:4      | Reached skill level 5 in Shields
  2169 | D:4      | Reached XP level 7. HP: 31/57 MP: 4/7
  2195 | D:4      | Reached skill level 6 in Fighting
  2195 | D:4      | Reached skill level 5 in Armour
  2529 | D:4      | Found a staircase to the Ecumenical Temple.
  2540 | D:4      | Noticed Grinder
  2580 | Temple   | Entered the Ecumenical Temple
  3032 | Temple   | Became a worshipper of Warmaster Okawaru
  3083 | D:4      | Killed Grinder
  3083 | D:4      | Reached XP level 8. HP: 41/65 MP: 5/8
  3283 | D:4      | Reached * piety under Okawaru
  3607 | D:4      | Found Ostrocun's Book Shop.
  3616 | D:4      | Found Xuet's Antique Armour Emporium.
  3616 | D:4      | Found Wijeu's Gadget Shop.
  3623 | D:4      | Found a runed translucent door.
  3625 | D:4      | Noticed Majang's ghost (amateur TrHu)
  3636 | D:4      | Bought a pair of runed gloves for 225 gold pieces
  3708 | D:4      | Reached skill level 7 in Fighting
  3945 | D:4      | Killed Majang's ghost
  4081 | D:5      | Entered Level 5 of the Dungeon
  4124 | D:5      | Reached ** piety under Okawaru
  4124 | D:5      | Reached skill level 5 in Axes
  4124 | D:5      | Reached XP level 9. HP: 66/74 MP: 7/9
  4135 | D:5      | Reached skill level 8 in Fighting
  5329 | D:6      | Reached skill level 9 in Fighting
  5604 | D:6      | Reached *** piety under Okawaru
  5617 | D:6      | Reached XP level 10. HP: 57/83 MP: 4/10
  5807 | D:6      | You fall into a shaft and drop 3 floors!
  6298 | D:7      | Reached skill level 10 in Fighting
  6300 | D:7      | Mangled by an orc warrior

Illustrated notes

Levels and vault maps discovered:
D:1:      sevenhm_arrival_forest_fort_small_5, layout_loops_ring,
          minmay_fountain_box
D:2:      layout_rooms, grunt_qazlal_clouds
D:3:      layout_rooms
D:4:      layout_basic, minmay_temple_entry_slanted, ebering_ghost_sewer_d,
          serial_shops, shop, nicolae_shop_stone, nicolae_shop_waterfront,
          uniq_grinder
D:5:      layout_loops_ring
D:6:      layout_loops_ring
D:7:      layout_layer_cave, uniq_prince_ribbit1, uniq_harold,
          uniq_crazy_yiuf_cottage
D:8:      layout_basic, dk_noncrumbling_4, minmay_misc_feat_square,
          serial_bayou_pond_a, minmay_fractal_squares_diagonal_5
D:9:      layout_loops_cross, david_orc_4, minmay_variable_closet,
          serial_park_tiny_pond
Temple:   kilobyte_greek_temple

Skill      XL: |  1  2  3  4  5  6  7  8  9 10 |
---------------+-------------------------------+-----
Shields        | 4 5 6 7 8 |  8.1
Fighting       | 4 5 6 7 9 10 | 10.0
Armour         | 4 5 6 7 |  7.5
Axes           | 3 4 5 6 |  6.4

Action                   |  1- 3 |  4- 6 |  7- 9 | 10-12 || total
-------------------------+-------+-------+-------+-------++-------
Melee: War axe           |   103 |   151 |   343 |    48 ||   645
Invok: Heroism           |       |       |     1 |     1 ||     2
  Use: Scroll            |       |       |     7 |       ||     7
Armor: Scale mail        |    42 |    72 |   111 |     6 ||   231
Dodge: Dodged            |    33 |    71 |   121 |    13 ||   238
Block: Kite shield       |    60 |   102 |   204 |    34 ||   400

Table legend: (Time is in decaauts)
 A = Elapsed time spent in this place.
 B = Non-inter-level travel time spent in this place.
 C = Inter-level travel time spent in this place.
 D = Time resting spent in this place.
 E = Time spent auto-exploring this place.
 F = Levels seen in this place.
 G = Mean time per level.
                   A        B        C        D        E       F      G
               +--------+--------+--------+--------+--------+-----+--------+
         Total |   6519 |   6259 |    260 |    717 |   4162 |  10 |  651.9 |
       Dungeon |   6024 |   5842 |    182 |    669 |   3796 |   9 |  669.3 |
        Temple |    494 |    416 |     78 |     48 |    366 |   1 |  494.0 |
               +--------+--------+--------+--------+--------+-----+--------+

Top non-repeatable levels by time:
     D:4: 1503 daAuts
     D:5: 1120 daAuts
     D:2: 830 daAuts
     D:1: 817 daAuts
     D:6: 662 daAuts
     D:3: 592 daAuts
  Temple: 494 daAuts
     D:7: 437 daAuts
     D:8: 40 daAuts
     D:9: 20 daAuts
